 Dungeon Crawl Stone Soup version 0.18.1-48-g4cf74bf (webtiles) character file.

501 Laphicet the Digger (level 6, -9/51 HPs)
             Began as a Draconian Earth Elementalist on Sept 7, 2016.
             Was an Initiate of Okawaru.
             Killed from afar by an orc (18 damage)
             ... with a wand of acid
             ... on level 4 of the Dungeon.
             The game lasted 00:12:20 (4399 turns).

Laphicet the Digger (Draconian Earth Elementalist)  Turns: 4399, Time: 00:12:21

Health: -9/51      AC:  3    Str: 12    XL:     6   Next: 95%
Magic:  3/11       EV:  7    Int: 16    God:    Okawaru [......]
Gold:   152        SH:  2    Dex: 11    Spells: 2 memorised, 7 levels left

rFire  . . .     SeeInvis .     a - 113 stones
rCold  + . .     Gourm    .     (armour unavailable)
rNeg   . . .     Faith    .     (no shield)
rPois  +         Spirit   .     (helmet restricted)
rElec  .         Dismiss  .     (no cloak)
rCorr  .         Reflect  +     (no gloves)
SustAt .         Harm     .     l - +0 pair of boots
MR     .....                    k - +2 amulet of reflection
Stlth  ++........               i - ring of poison resistance
                                g - ring of protection from cold

@: corroded, not resistant to hostile enchantments, unstealthy
A: unfitting armour, cold-blooded, AC +6
a: Renounce Religion


You were on level 4 of the Dungeon.
You worshipped Okawaru.
Okawaru was noncommittal.
You were not hungry.

You visited 1 branch of the dungeon, and saw 4 of its levels.

You collected 152 gold pieces.

Inventory:

Hand Weapons
 j - a +2 flail of protection
Missiles
 a - 113 stones (in hand)
Armour
 l - a +0 pair of boots (worn)
 v - a +0 cloak
Jewellery
 g - a ring of protection from cold (left hand)
 i - a ring of poison resistance (right hand)
 k - a +2 amulet of reflection (around neck)
Scrolls
 e - 2 scrolls of remove curse
 f - a scroll of recharging {unknown}
 q - 2 scrolls of amnesia
 r - a scroll of enchant weapon {unknown}
 t - a scroll of teleportation
 u - a scroll of fog {unknown}
Potions
 d - a potion of cancellation
 h - a potion of ambrosia
 n - a potion of haste
 p - a potion of agility
 w - a potion of curing {unknown}
 x - a potion of degeneration {unknown}
Books
 b - a book of Geomancy

   Spells                             Type                      Level
   a - Sandblast                      Earth                        1
   b - Passwall                       Transmutation/Earth          2
   c - Stone Arrow                    Conjuration/Earth            3
   d - Petrify                        Transmutation/Earth          4
   e - Lee's Rapid Deconstruction     Earth                        5
Comestibles
 c - 2 bread rations
 m - a slice of pizza
 o - a beef jerky
 s - a meat ration
 z - a chunk of flesh


   Skills:
 + Level 3.4 Fighting
 + Level 3.0 Dodging
 + Level 3.5 Stealth
 + Level 3.4 Spellcasting
   Level 1.0 Transmutations
 + Level 4.8 Earth Magic


You had 7 spell levels left.
You knew the following spells:

 Your Spells              Type           Power        Failure   Level  Hunger
a - Stone Arrow           Conj/Erth      ##....       21%         3    ###....
b - Sandblast             Erth           ###...       2%          1    None


Dungeon Overview and Level Annotations

Branches:
Dungeon (4/15)
 Temple: D:4-7

Altars:
Ashenzari
Cheibriados
Dithmenos
Okawaru
Vehumet
The Shining One

Annotations:
D:1 Terence
D:4 Edmund


Innate Abilities, Weirdness & Mutations

Your plain brown scales are hard (AC +6).
Your body does not fit into most forms of armour.
You are cold-blooded and may be slowed by cold attacks.


Message History

Press: ? - help, Shift-Dir - straight line, f/p - scorpion
Aim: a scorpion (almost dead)
The rocky blast hits the scorpion.
The scorpion is almost dead.
Edmund hits you with a flail of protection!
The scorpion closely misses you. Edmund barely misses you.
The scorpion closely misses you. Edmund hits you but does no damage.
The scorpion barely misses you.
Edmund says, "I might not be good at magic, but I can still kill you!"
Edmund clears his throat.
The orc shouts!
The orc zaps a wand.
The bolt of acid hits you!
* * * LOW HITPOINT WARNING * * *
The acid corrodes you!
The acid burns!
* * * LOW HITPOINT WARNING * * *
It is a wand of acid.
There is a stone staircase leading up here.
The orc zaps a wand.
The bolt of acid hits you!
You die...

###############
#>.............
#.####.....####
#######..............
#..........#.#...#.#.
#..........#.#####.).
#............#####..#
#...@o@.............#
#....s....#####......
#.........# #......
#.........# #......
#........[# #......
#.........# #......
#.).......# #......
#.........# #......
#.........# #......


You could see Edmund, a scorpion and an orc.

Vanquished Creatures
  Sigmund (D:4)
  A giant frog skeleton (D:2)
  An orc priest (D:4)
  Ijyb (D:3)
  Natasha (thrice) (D:2)
  A gnoll (D:1)
  8 adders
  An ooze (D:1)
  A worm (D:2)
  A dart slug (D:1)
  3 giant geckos
  6 orcs
  4 ball pythons
  4 giant cockroaches
  5 goblins
  7 hobgoblins
  15 jackals
  2 quokkas (D:3)
  10 bats
  4 giant newts
  5 kobolds
  A quokka skeleton (D:4)
  5 rats
  A plant (D:3)
91 creatures vanquished.

Notes
Turn   | Place    | Note
--------------------------------------------------------------
     0 | D:1      | Laphicet the Draconian Earth Elementalist began the quest for the Orb.
     0 | D:1      | Reached XP level 1. HP: 14/14 MP: 3/3
   329 | D:1      | Reached XP level 2. HP: 22/22 MP: 5/5
   439 | D:1      | Reached skill level 1 in Fighting
   920 | D:1      | Reached XP level 3. HP: 28/28 MP: 6/6
  1238 | D:2      | Noticed Natasha
  1266 | D:2      | Killed Natasha
  1266 | D:2      | Reached XP level 4. HP: 11/36 MP: 2/7
  1481 | D:2      | Found a glowing golden altar of the Shining One.
  1820 | D:2      | Noticed Natasha
  1827 | D:2      | Killed Natasha
  1860 | D:2      | Noticed Terence
  2100 | D:2      | Noticed Natasha
  2105 | D:2      | Killed Natasha
  2105 | D:2      | Reached XP level 5. HP: 38/42 MP: 2/9
  2157 | D:2      | Learned a level 3 spell: Stone Arrow
  2172 | D:2      | Reached skill level 4 in Earth Magic
  2388 | D:2      | Found a shadowy altar of Dithmenos.
  3131 | D:3      | Noticed Ijyb
  3147 | D:3      | Killed Ijyb
  3183 | D:3      | Found a shadowy altar of Dithmenos.
  3186 | D:3      | Found a radiant altar of Vehumet.
  3207 | D:3      | Reached XP level 6. HP: 46/50 MP: 10/10
  3208 | D:3      | Found a snail-covered altar of Cheibriados.
  3398 | D:3      | Found an iron altar of Okawaru.
  3421 | D:3      | Became a worshipper of Warmaster Okawaru
  3671 | D:3      | Found a shattered altar of Ashenzari.
  3974 | D:4      | Noticed Sigmund
  3983 | D:4      | Killed Sigmund
  4078 | D:4      | Noticed Edmund
  4399 | D:4      | Killed from afar by an orc

Skill      XL: |  1  2  3  4  5  6 |
---------------+-------------------+-----
Stealth        | 2 3 |  3.5
Fighting       | 1 2 3 |  3.4
Dodging        | 2 3 |  3.0
Earth Magic    | 4 |  4.8
Spellcasting   | 3 |  3.4
Transmutations | |  1.0

Action                   |  1- 3 |  4- 6 || total
-------------------------+-------+-------++-------
Melee: Unarmed           |    28 |       ||    28
       Tailslap          |     4 |    22 ||    26
       Spear             |    50 |   123 ||   173
       Flail             |       |   127 ||   127
 Cast: Sandblast         |    21 |    45 ||    66
       Stone Arrow       |       |     5 ||     5
  Use: Scroll            |     1 |     9 ||    10
       Potion            |     2 |       ||     2
 Stab: Sleeping          |     1 |     7 ||     8
       Distracted        |       |     1 ||     1
  Eat: Chunk             |     1 |    12 ||    13
Armor: Skin              |    32 |   120 ||   152
Dodge: Dodged            |    89 |   194 ||   283
Block: Other             |       |    18 ||    18
